TOP OF THE 1ST |
Hamilton Cardinals batting - Pitching for Trois-Riveres Aigles : RHP Jason Cheek
|
Pitching: RHP Jason Cheek
|
|
Batting: RHB Nick Latulippe
|
0-0: Swinging Strike 0-1: Fly out, F8 (Line Drive, 8RM, EV 93.1 MPH)
|
Batting: RHB Tyler Walker
|
0-0: Ball 1-0: Ball 2-0: Foul Ball, location: 2F 2-1: Foul Ball, location: 2F 2-2: Foul Ball, location: 2F 2-2: Foul Ball, location: 2F 2-2: Strikes out swinging
|
Batting: LHB Travis Ruppel
|
0-0: SOLO HOME RUN (Flyball, 9D, EV 102.5 MPH), Distance : 399 ft
|
Batting: RHB Chris LaReau
|
0-0: Called Strike 0-1: Ball 1-1: Ball 2-1: Fly out, F7 (Flyball, 78D, EV 96.9 MPH)
|
Top of the 1st over - 1 run, 1 hit, 0 errors, 0 left on base; Hamilton 1 - Trois-Riveres 0 |
BOTTOM OF THE 1ST |
Trois-Riveres Aigles batting - Pitching for Hamilton Cardinals : RHP Andrew Ray
|
Pitching: RHP Andrew Ray
|
|
Batting: LHB Jonathan Spino
|
0-0: Fly out, F8 (Line Drive, 8LD, EV 90.6 MPH)
|
Batting: LHB Harris Vink
|
0-0: Called Strike 0-1: Ball 1-1: Swinging Strike 1-2: Ball 2-2: Strikes out looking
|
Batting: LHB Darryl Gonnella
|
0-0: Foul Ball, location: 2F 0-1: SINGLE (Groundball, 34D, EV 93.8 MPH)
|
Batting: RHB Sesto Carpini
|
0-0: Ball 1-0: Ball 2-0: Foul Ball, location: 2F 2-1: Called Strike 2-2: Ball Darryl Gonnella steals 2nd base 3-2: Strikes out swinging
|
Bottom of the 1st over - 0 runs, 1 hit, 0 errors, 1 left on base; Hamilton 1 - Trois-Riveres 0 |
TOP OF THE 2ND |
Hamilton Cardinals batting - Pitching for Trois-Riveres Aigles : RHP Jason Cheek
|
Batting: LHB Jorge Zarazua
|
0-0: SINGLE (Groundball, 4MD, EV 106.3 MPH)
|
Batting: RHB Bernard Claude
|
0-0: Called Strike 0-1: Ball 1-1: Foul Ball, location: 2F 1-2: SINGLE (Groundball, 6M, EV 109.4 MPH) Jorge Zarazua to second
|
Batting: LHB Ivan Cortez
|
0-0: Ball 1-0: Foul Ball, location: 2F 1-1: Ball 2-1: Grounds out, U3 (Groundball, 3L, EV 93.8 MPH) Jorge Zarazua to third
|
Batting: RHB Julio Sandoval
|
0-0: Called Strike 0-1: Foul Ball, location: 2F 0-2: Strikes out looking
|
Batting: RHB Bobby Miles
|
0-0: Ball 1-0: SINGLE (Flyball, 9LS, EV 93.8 MPH) Jorge Zarazua scores Bernard Claude to third Runner from 3rd tries for Home, SAFE, throw by RF to home
|
Batting: RHB Nick Latulippe
|
0-0: Ball 1-0: Ball 2-0: Foul Ball, location: 2F 2-1: Ball 3-1: SINGLE (Groundball, 25, EV 62.5 MPH) (infield hit) Bobby Miles to second
|
Batting: RHB Tyler Walker
|
0-0: Foul Ball, location: 2F 0-1: Called Strike 0-2: Strikes out swinging
|
Top of the 2nd over - 2 runs, 4 hits, 0 errors, 2 left on base; Hamilton 3 - Trois-Riveres 0 |
BOTTOM OF THE 2ND |
Trois-Riveres Aigles batting - Pitching for Hamilton Cardinals : RHP Andrew Ray
|
Batting: RHB Jose Arriola
|
0-0: SINGLE (Groundball, 34D, EV 106.3 MPH)
|
Batting: SHB Joshua Jackson
|
0-0: Ball 1-0: Ball 2-0: Fielders Choice at 2nd, 2-6 (Groundball, 13S, EV 73.1 MPH)
|
Batting: RHB Nelle Lommen
|
0-0: Foul Ball, location: 2F 0-1: Ball 1-1: Foul Ball, location: 2F 1-2: Ground out 5-3 (Groundball, 56, EV 88.8 MPH) Joshua Jackson to second
|
Batting: RHB Jason Penfield
|
0-0: Ball 1-0: Ball 2-0: Ball 3-0: Called Strike 3-1: Called Strike 3-2: Foul Ball, location: 2F 3-2: SINGLE (Flyball, 5D, EV 93.1 MPH) Joshua Jackson to third Runner from 3rd tries for Home, SAFE, throw by LF to home
|
Batting: RHB Josh Harmon
|
0-0: Ball 1-0: Ball 2-0: Ball 3-0: Base on Balls Jason Penfield to second
|
Batting: LHB Jonathan Spino
|
0-0: Called Strike 0-1: Foul Ball, location: 2F 0-2: Fly out, F8 (Flyball, 8RXD, EV 102.5 MPH)
|
Bottom of the 2nd over - 1 run, 2 hits, 0 errors, 2 left on base; Hamilton 3 - Trois-Riveres 1 |
TOP OF THE 3RD |
Hamilton Cardinals batting - Pitching for Trois-Riveres Aigles : RHP Jason Cheek
|
Batting: LHB Travis Ruppel
|
0-0: Ball 1-0: Ball 2-0: Ball 3-0: Called Strike 3-1: Base on Balls
|
Batting: RHB Chris LaReau
|
0-0: Called Strike 0-1: Ball 1-1: Ball 2-1: Called Strike 2-2: Strikes out looking
|
Batting: LHB Jorge Zarazua
|
0-0: Fly out, F7 (Flyball, 78D, EV 103.1 MPH)
|
Batting: RHB Bernard Claude
|
0-0: Ball 1-0: Foul Ball, location: 2F 1-1: Foul Ball, location: 2F 1-2: Ball 2-2: SINGLE (Groundball, 4MD, EV 108.1 MPH) Travis Ruppel to second
|
Batting: LHB Ivan Cortez
|
0-0: Ball 1-0: Foul Ball, location: 2F 1-1: Ball 2-1: Ball 3-1: Foul Ball, location: 2F 3-2: Strikes out swinging
|
Top of the 3rd over - 0 runs, 1 hit, 0 errors, 2 left on base; Hamilton 3 - Trois-Riveres 1 |
BOTTOM OF THE 3RD |
Trois-Riveres Aigles batting - Pitching for Hamilton Cardinals : RHP Andrew Ray
|
Batting: LHB Harris Vink
|
0-0: Called Strike 0-1: SOLO HOME RUN (Flyball, 9D, EV 96.9 MPH), Distance : 381 ft
|
Batting: LHB Darryl Gonnella
|
0-0: Ball 1-0: Fly out, F8 (Flyball, 8LXD, EV 104.4 MPH)
|
Batting: RHB Sesto Carpini
|
0-0: Called Strike 0-1: Ball 1-1: SINGLE (Flyball, 3D, EV 90.6 MPH)
|
Batting: RHB Jose Arriola
|
0-0: Ball 1-0: Called Strike 1-1: Called Strike 1-2: Strikes out swinging
|
Batting: SHB Joshua Jackson
|
0-0: Foul Ball, location: 2F 0-1: Foul Ball, location: 2F 0-2: Ball 1-2: Ball 2-2: Hit by Pitch Sesto Carpini to second
|
Batting: RHB Nelle Lommen
|
0-0: Called Strike 0-1: SINGLE (Flyball, 9S, EV 90.6 MPH) Sesto Carpini to third Joshua Jackson to second Runner from 3rd tries for Home, throw by RF and OUT! 9-2
|
Bottom of the 3rd over - 1 run, 3 hits, 0 errors, 2 left on base; Hamilton 3 - Trois-Riveres 2 |
TOP OF THE 4TH |
Hamilton Cardinals batting - Pitching for Trois-Riveres Aigles : RHP Jason Cheek
|
Batting: RHB Julio Sandoval
|
0-0: Swinging Strike 0-1: Ball 1-1: Fly out, F1 (Line Drive, P, EV 61.3 MPH)
|
Batting: RHB Bobby Miles
|
0-0: Called Strike 0-1: Swinging Strike 0-2: Strikes out looking
|
Batting: RHB Nick Latulippe
|
0-0: SINGLE (Groundball, 34D, EV 99.4 MPH)
|
Batting: RHB Tyler Walker
|
0-0: Foul Ball, location: 2F 0-1: Ball 1-1: Foul Ball, location: 2F 1-2: Fielders Choice at 2nd, U6 (Groundball, 6M, EV 101.9 MPH)
|
Top of the 4th over - 0 runs, 1 hit, 0 errors, 1 left on base; Hamilton 3 - Trois-Riveres 2 |
BOTTOM OF THE 4TH |
Trois-Riveres Aigles batting - Pitching for Hamilton Cardinals : RHP Andrew Ray
|
Batting: RHB Jason Penfield
|
0-0: Swinging Strike 0-1: Called Strike 0-2: Ball 1-2: Strikes out swinging
|
Batting: RHB Josh Harmon
|
0-0: Ball 1-0: Ground out 4-3 (Groundball, 4, EV 81.3 MPH)
|
Batting: LHB Jonathan Spino
|
0-0: Ball 1-0: Called Strike 1-1: Ball 2-1: Fly out, F7 (Flyball, 78S, EV 86.3 MPH)
|
Bottom of the 4th over - 0 runs, 0 hits, 0 errors, 0 left on base; Hamilton 3 - Trois-Riveres 2 |
TOP OF THE 5TH |
Hamilton Cardinals batting - Pitching for Trois-Riveres Aigles : RHP Jason Cheek
|
Batting: LHB Travis Ruppel
|
0-0: Ball 1-0: Ball 2-0: Fly out, F7 (Flyball, 7LM, EV 91.3 MPH)
|
Batting: RHB Chris LaReau
|
0-0: Ball 1-0: Foul Ball, location: 2F 1-1: Foul Ball, location: 2F 1-2: Fly out, F8 (Flyball, 8RXD, EV 96.3 MPH)
|
Batting: LHB Jorge Zarazua
|
0-0: Called Strike 0-1: Fly out, F8 (Line Drive, 8LD, EV 97.5 MPH)
|
Top of the 5th over - 0 runs, 0 hits, 0 errors, 0 left on base; Hamilton 3 - Trois-Riveres 2 |
BOTTOM OF THE 5TH |
Trois-Riveres Aigles batting - Pitching for Hamilton Cardinals : RHP Andrew Ray
|
Batting: LHB Harris Vink
|
0-0: Ball 1-0: Swinging Strike 1-1: SINGLE (Flyball, 7LS, EV 85.6 MPH)
|
Batting: LHB Darryl Gonnella
|
0-0: Ball 1-0: SINGLE (Groundball, 6MD, EV 107.5 MPH) Harris Vink to second Runner from 2nd tries for 3rd, OUT! 8-5
|
Batting: RHB Sesto Carpini
|
0-0: Called Strike 0-1: Swinging Strike 0-2: Ball 1-2: Fly out, F3 (Popup, 23F, EV 86.3 MPH)
|
Batting: RHB Jose Arriola
|
0-0: Ball Darryl Gonnella steals 2nd base 1-0: Ball 2-0: Foul Ball, location: 2F 2-1: Ball 3-1: Foul Ball, location: 2F 3-2: Foul Ball, location: 2F 3-2: Foul Ball, location: 2F 3-2: Strikes out swinging
|
Bottom of the 5th over - 0 runs, 2 hits, 0 errors, 1 left on base; Hamilton 3 - Trois-Riveres 2 |
TOP OF THE 6TH |
Hamilton Cardinals batting - Pitching for Trois-Riveres Aigles : RHP Jason Cheek
|
Batting: RHB Bernard Claude
|
0-0: Foul Ball, location: 2F 0-1: Ball 1-1: Foul Ball, location: 2F 1-2: Foul Ball, location: 2F 1-2: SINGLE (Groundball, 15S, EV 61.3 MPH) (infield hit)
|
Batting: LHB Ivan Cortez
|
0-0: Called Strike 0-1: Foul Ball, location: 2F 0-2: Foul Ball, location: 2F 0-2: Foul Ball, location: 2F 0-2: Ball Pickoff Throw to First - Error! E1 Bernard Claude to second 1-2: Strikes out looking
|
Batting: RHB Julio Sandoval
|
0-0: Ball 1-0: Ball 2-0: Ball 3-0: Called Strike 3-1: Fly out, F7 (Flyball, 7LM, EV 92.5 MPH)
|
Batting: RHB Bobby Miles
|
0-0: Ball 1-0: Foul Ball, location: 2F 1-1: Called Strike 1-2: Strikes out swinging
|
Top of the 6th over - 0 runs, 1 hit, 1 error, 1 left on base; Hamilton 3 - Trois-Riveres 2 |
BOTTOM OF THE 6TH |
Trois-Riveres Aigles batting - Pitching for Hamilton Cardinals : RHP Andrew Ray
|
Batting: SHB Joshua Jackson
|
0-0: Ball 1-0: Ball 2-0: Ball 3-0: Called Strike 3-1: Foul Ball, location: 2F 3-2: Foul Ball, location: 2F 3-2: Foul Ball, location: 2F 3-2: Base on Balls
|
Batting: RHB Nelle Lommen
|
0-0: Ball 1-0: Ball 2-0: SINGLE (Groundball, 4D, EV 104.4 MPH) Joshua Jackson to second Runner from 2nd tries for 3rd, SAFE, throw by RF made to third
|
Batting: RHB Jason Penfield
|
0-0: Ball 1-0: Called Strike 1-1: Ball 2-1: 3-RUN HOME RUN (Line Drive, 89XD, EV 115.6 MPH), Distance : 439 ft
|
Batting: RHB Josh Harmon
|
0-0: Called Strike 0-1: Ball 1-1: Foul Ball, location: 2F 1-2: SINGLE (Line Drive, 9S, EV 89.4 MPH)
|
Batting: LHB Jonathan Spino
|
0-0: Ball 1-0: Foul Ball, location: 2F 1-1: Ball 2-1: Ball 3-1: Called Strike 3-2: Fielders Choice at 2nd, 3-6 (Groundball, 13, EV 83.1 MPH)
|
Pitching: RHP Jung-joon Chon
|
|
Batting: LHB Harris Vink
|
0-0: Ball Jonathan Spino steals 2nd base 1-0: Foul Ball, location: 2F 1-1: SINGLE (Groundball, 3D, EV 106.9 MPH) Jonathan Spino to third
|
Batting: LHB Darryl Gonnella
|
0-0: Swinging Strike 0-1: Ball 1-1: Ball 2-1: Called Strike Harris Vink steals 2nd, throwing error, E2 Jonathan Spino scores Harris Vink to third 2-2: Strikes out swinging
|
Batting: RHB Sesto Carpini
|
0-0: Ball 1-0: Called Strike 1-1: Ground out 6-3 (Groundball, 6, EV 78.1 MPH)
|
Bottom of the 6th over - 4 runs, 4 hits, 1 error, 1 left on base; Hamilton 3 - Trois-Riveres 6 |
TOP OF THE 7TH |
Hamilton Cardinals batting - Pitching for Trois-Riveres Aigles : RHP Jason Cheek
|
Batting: RHB Nick Latulippe
|
0-0: Ball 1-0: Called Strike 1-1: Ball 2-1: Fly out, F3 (Popup, 3S, EV 72.5 MPH)
|
Batting: RHB Tyler Walker
|
0-0: Ball 1-0: Swinging Strike 1-1: Called Strike 1-2: Ball 2-2: Foul Ball, location: 2F 2-2: Ground out 3-1 (Groundball, 34, EV 109.4 MPH)
|
Batting: LHB Travis Ruppel
|
0-0: Ball 1-0: Foul Ball, location: 2F 1-1: Fly out, F6 (Popup, 6, EV 60.6 MPH)
|
Top of the 7th over - 0 runs, 0 hits, 0 errors, 0 left on base; Hamilton 3 - Trois-Riveres 6 |
BOTTOM OF THE 7TH |
Trois-Riveres Aigles batting - Pitching for Hamilton Cardinals : RHP Jung-joon Chon
|
Pitching: LHP Gonnohyoe Hata
|
|
Batting: RHB Jose Arriola
|
0-0: Ball 1-0: Called Strike 1-1: Called Strike 1-2: Strikes out looking
|
Batting: SHB Joshua Jackson
|
0-0: Called Strike 0-1: Called Strike 0-2: Ball 1-2: Foul Ball, location: 2F 1-2: Strikes out swinging
|
Batting: RHB Nelle Lommen
|
0-0: Ball 1-0: Called Strike 1-1: Ball 2-1: Called Strike 2-2: Strikes out looking
|
Bottom of the 7th over - 0 runs, 0 hits, 0 errors, 0 left on base; Hamilton 3 - Trois-Riveres 6 |
TOP OF THE 8TH |
Hamilton Cardinals batting - Pitching for Trois-Riveres Aigles : RHP Jason Cheek
|
Batting: RHB Chris LaReau
|
0-0: Ball 1-0: Ball 2-0: Foul Ball, location: 2F 2-1: Foul Ball, location: 2F 2-2: Strikes out swinging
|
Pitching: LHP Jamie Houtman
|
|
Batting: LHB Jorge Zarazua
|
0-0: Foul Ball, location: 2F 0-1: Called Strike 0-2: Ball 1-2: Ball 2-2: Strikes out swinging
|
Pitching: LHP Tim Pulliam
|
|
Batting: RHB Bernard Claude
|
0-0: Ball 1-0: Foul Ball, location: 2F 1-1: Called Strike 1-2: Foul Ball, location: 2F 1-2: Ball 2-2: Strikes out swinging
|
Top of the 8th over - 0 runs, 0 hits, 0 errors, 0 left on base; Hamilton 3 - Trois-Riveres 6 |
BOTTOM OF THE 8TH |
Trois-Riveres Aigles batting - Pitching for Hamilton Cardinals : LHP Gonnohyoe Hata
|
Batting: RHB Jason Penfield
|
0-0: Swinging Strike 0-1: Swinging Strike 0-2: Ball 1-2: Strikes out looking
|
Batting: RHB Josh Harmon
|
0-0: Ball 1-0: Called Strike 1-1: Foul Ball, location: 2F 1-2: Strikes out swinging
|
Batting: LHB Jonathan Spino
|
0-0: Ball 1-0: Foul Ball, location: 2F 1-1: Ball 2-1: Called Strike 2-2: SINGLE (Groundball, 4M, EV 104.4 MPH)
|
Batting: LHB Harris Vink
|
0-0: Ball Jonathan Spino steals 2nd base 1-0: Called Strike 1-1: Swinging Strike 1-2: Foul Ball, location: 2F 1-2: Strikes out swinging
|
Bottom of the 8th over - 0 runs, 1 hit, 0 errors, 1 left on base; Hamilton 3 - Trois-Riveres 6 |
TOP OF THE 9TH |
Hamilton Cardinals batting - Pitching for Trois-Riveres Aigles : LHP Tim Pulliam
|
Pitching: RHP Josh O'Neal
|
|
Batting: LHB Ivan Cortez
|
0-0: Called Strike 0-1: Called Strike 0-2: Ball 1-2: Strikes out swinging
|
Pinch Hitting: LHB Keith Rice
|
0-0: Ball 1-0: Ball 2-0: Called Strike 2-1: Foul Ball, location: 2F 2-2: Ball 3-2: Base on Balls
|
Pinch Hitting: RHB Chris Norris
|
0-0: Hit by Pitch Keith Rice to second
|
Batting: RHB Nick Latulippe
|
0-0: Ball 1-0: Called Strike 1-1: Called Strike 1-2: Ball 2-2: Strikes out swinging
|
Batting: RHB Tyler Walker
|
0-0: Called Strike 0-1: Ball 1-1: Called Strike 1-2: Foul Ball, location: 2F 1-2: Ball 2-2: Foul Ball, location: 2F 2-2: Strikes out looking
|
Top of the 9th over - 0 runs, 0 hits, 0 errors, 2 left on base; Hamilton 3 - Trois-Riveres 6 |
|